 Dungeon Crawl Stone Soup version 0.26-a0-835-g8259106e14 (webtiles) character file.

Game seed: 17991628180284724020

944 strifetoe the Cleaver (level 8, 0/46 HPs)
             Began as a Gargoyle Fighter on Nov 18, 2020.
             Was an Initiate of Okawaru.
             Slain by Prince Ribbit (10 damage)
             ... on level 5 of the Dungeon.
             The game lasted 00:04:13 (5703 turns).

strifetoe the Cleaver (Gargoyle Fighter)            Turns: 5703, Time: 00:04:14

Health: 0/46       AC: 18    Str: 23    XL:     8   Next: 12%
Magic:  8/8        EV:  5    Int:  8    God:    Okawaru [......]
Gold:   332        SH:  9    Dex:  9    Spells: 7/7 levels left

rFire    . . .     SeeInvis .   a - +0 war axe
rCold    . . .     Faith    .   c - +0 kite shield
rNeg     + . .     Spirit   .   p - +0 chain mail
rPois    ∞         Reflect  .   g - +0 helmet
rElec    +         Harm     .   x - +0 cloak {rCorr}
rCorr    +         Rampage  .   (no gloves)
MR       .....                  b - +0 pair of boots
Stlth    ..........             (no amulet)
HPRegen  0.15/turn              (no ring)
MPRegen  0.11/turn              (no ring)

@: no status effects
A: negative energy resistance 1, electricity resistance, unbreathing,
petrification resistance, rot immunity, AC +5
a: Renounce Religion


You were on level 5 of the Dungeon.
You worshipped Okawaru.
Okawaru was noncommittal.
You visited 1 branch of the dungeon, and saw 5 of its levels.

You collected 332 gold pieces.

Inventory:

Hand Weapons
 a - a +0 war axe (weapon)
Armour
 b - a +0 pair of boots (worn)
 c - a +0 kite shield (worn)
 g - a +0 helmet (worn)
 p - a +0 chain mail (worn)
 x - a +0 cloak of preservation (worn)
Jewellery
 m - an uncursed amulet of the acrobat {unknown}
Scrolls
 f - 4 scrolls of immolation {unknown}
 i - a scroll of magic mapping {unknown}
 k - 2 scrolls of remove curse {unknown}
 n - a scroll of noise {unknown}
 r - 7 scrolls of identify {unknown}
 s - a scroll of teleportation {unknown}
 t - a scroll of enchant weapon {unknown}
 v - a scroll of enchant armour {unknown}
 w - a scroll of fog {unknown}
 y - a scroll of blinking {unknown}
Potions
 d - 2 potions of might
 e - a potion of degeneration {unknown}
 h - 2 potions of brilliance {unknown}
 j - a potion of curing {unknown}
 l - a potion of attraction {unknown}
 o - a potion of ambrosia {unknown}
 q - 2 potions of heal wounds {unknown}
 u - a potion of lignification {unknown}
 z - 3 potions of invisibility {unknown}


   Skills:
 - Level 3.2 Fighting
 + Level 8.5 Axes
 - Level 3.2 Armour
 - Level 3.2 Shields


You had 7 spell levels left.
You didn't know any spells.
Your spell library was empty.

Dungeon Overview and Level Annotations

Branches:
Dungeon (5/15)
 Temple: D:4-7

Altars:
Makhleb
Nemelex Xobeh
Okawaru
Yredelemnul
Zin

Annotations:
D:5 2 transporters, Prince Ribbit; miscthings's ghost, weakling PaDe


Innate Abilities, Weirdness & Mutations

You are resistant to torment.
Your stone body is resilient. (AC +5)
You are immune to poison.
You resist negative energy. (rN+)
You are resistant to electric shocks. (rElec)
You can survive without breathing.
You are immune to petrification.
You are immune to rotting.


Message History

You hit Prince Ribbit.
Prince Ribbit is heavily wounded.
Prince Ribbit hits you.
You are too injured to fight recklessly!
Okay, then.
You hit Prince Ribbit.
Prince Ribbit is heavily wounded.
Prince Ribbit barely misses you.
Prince Ribbit hits you but does no damage.
You hit Prince Ribbit.
Prince Ribbit is heavily wounded.
You block Prince Ribbit's attack. Prince Ribbit hits you.
You closely miss Prince Ribbit.
Prince Ribbit is heavily wounded.
Prince Ribbit hits you!
* * * LOW HITPOINT WARNING * * *
You miss Prince Ribbit.
Prince Ribbit is heavily wounded.
Prince Ribbit hits you!
You die...

#........# ######.....###.##
#.###.##.# ##.#####.#.## #.#
#.##.## #.# ##.###.#### #.#
#.....## #.# #.## ##.... #.#
####...# ##'####.###.###. #.#
#.#.# ##...####.#.## #.
#.######.#.#####.....####.#####.
#........#....#.......######.##.
#####.#######.F@.......####..>#.
#....#.............'........
###..#.###.........####.....
##.#.# ##.......## ##.#.. #)..#
##.....## ###.. #.### ##...##
##. #.# ##'## #. #.# #.# #. .#.
##.######## #.


You could see Prince Ribbit.

Vanquished Creatures
  An ice beast (D:5)
  An ogre (D:5)
  A centaur (D:5)
  A scorpion (D:4)
  3 hounds
  5 orc priests (D:4)
  Crazy Yiuf (D:2)
  A bullfrog skeleton (D:4)
  2 orc wizards
  4 worker ants
  4 adders
  3 oozes
  An adder skeleton (D:5)
  A worm (D:2)
  4 dart slugs
  4 leopard geckos
  21 orcs
  A ball python (D:1)
  7 giant cockroaches
  8 goblins
  11 hobgoblins
  4 jackals (D:5)
  12 kobolds
  A quokka (D:2)
  13 bats
  2 frilled lizards
  A leopard gecko zombie (D:5)
  4 rats
122 creatures vanquished.

Notes
Turn   | Place    | Note
-------+----------+-------------------------------------------
     0 | D:1      | strifetoe the Gargoyle Fighter began the quest for the Orb.
     0 | D:1      | Reached XP level 1. HP: 14/14 MP: 1/1
     8 | D:1      | Reached skill level 2 in Axes
    42 | D:1      | Reached XP level 2. HP: 19/19 MP: 2/2
   314 | D:1      | Reached skill level 3 in Axes
   347 | D:1      | Found a sparkling altar of Nemelex Xobeh.
   364 | D:1      | Reached XP level 3. HP: 23/23 MP: 3/3
   716 | D:2      | You fall into a shaft and drop 2 floors!
   736 | D:4      | Reached skill level 4 in Axes
   736 | D:4      | Reached XP level 4. HP: 19/28 MP: 4/4
  1099 | D:4      | Reached XP level 5. HP: 21/32 MP: 5/5
  1113 | D:4      | Reached skill level 5 in Axes
  1443 | D:3      | Found a basalt altar of Yredelemnul.
  1634 | D:4      | Reached XP level 6. HP: 37/37 MP: 6/6
  1671 | D:4      | Reached skill level 6 in Axes
  2402 | D:3      | Found an iron altar of Okawaru.
  2415 | D:3      | Reached XP level 7. HP: 41/41 MP: 7/7
  2422 | D:3      | Became a worshipper of Warmaster Okawaru
  2598 | D:3      | Found a sparkling altar of Nemelex Xobeh.
  3440 | D:2      | Found a runed translucent door.
  3441 | D:2      | Noticed Crazy Yiuf
  3675 | D:2      | Killed Crazy Yiuf
  3676 | D:2      | Reached skill level 7 in Axes
  3971 | D:4      | Found a glowing silver altar of Zin.
  3982 | D:5      | Entered Level 5 of the Dungeon
  4188 | D:5      | Found a burning altar of Makhleb.
  4200 | D:5      | Reached skill level 8 in Axes
  4492 | D:5      | Reached XP level 8. HP: 24/46 MP: 8/8
  4954 | D:5      | Found a transporter.
  4962 | D:5      | Found a transporter.
  5033 | D:5      | Noticed miscthings's ghost (weakling PaDe)
  5261 | D:5      | Noticed Prince Ribbit
  5703 | D:5      | Slain by Prince Ribbit

Illustrated notes

Levels and vault maps discovered:
D:1:      onia_arrival_handbag, layout_basic, nemelex_diamond_rough_becter
D:2:      layout_basic, minmay_cupped, uniq_crazy_yiuf_cottage
D:3:      layout_basic, okawaru_gym_becter, nicolae_overflow_hidden_temple,
          kennysheep_cross_room, nemelex_dance_club_becter
D:4:      layout_loops_ring, zin_statuary, hangedman_decor_push
D:5:      layout_loops_corners, basic_altar, gammafunk_ghost_hive, st_stairs_2,
          uniq_prince_ribbit1

Skill      XL: |  1  2  3  4  5  6  7 |
---------------+----------------------+-----
Axes           | 2 3 4 5 6 8 |  8.5
Fighting       | |  3.2
Armour         | |  3.2
Shields        | |  3.2

Action                   |  1- 3 |  4- 6 |  7- 9 || total
-------------------------+-------+-------+-------++-------
Melee: War axe           |   101 |   128 |   276 ||   505
Armor: Scale mail        |    61 |    33 |       ||    94
       Chain mail        |       |    32 |   140 ||   172
Dodge: Dodged            |    36 |    34 |    50 ||   120
Block: Kite shield       |    63 |    69 |   115 ||   247

Table legend: (Time is in decaauts)
 A = Elapsed time spent in this place.
 B = Non-inter-level travel time spent in this place.
 C = Inter-level travel time spent in this place.
 D = Time resting spent in this place.
 E = Time spent auto-exploring this place.
 F = Levels seen in this place.
 G = Mean time per level.
                   A        B        C        D        E       F      G
               +--------+--------+--------+--------+--------+-----+--------+
         Total |   5845 |   5754 |     91 |   1574 |   3132 |   5 | 1169.0 |
       Dungeon |   5845 |   5754 |     91 |   1574 |   3132 |   5 | 1169.0 |
               +--------+--------+--------+--------+--------+-----+--------+

Top non-repeatable levels by time:
     D:5: 1745 daAuts
     D:4: 1495 daAuts
     D:2: 1296 daAuts
     D:3: 734 daAuts
     D:1: 574 daAuts
